AAA
TRENTON LIBERTY @ ANNAPOLIS ADMIRALS
07/17/2059
 
TOP OF THE 1ST
Trenton Liberty batting - Pitching for Annapolis Admirals : RHP Tommy Wilson
Pitching: RHP Tommy Wilson
Batting: RHB Wellington Wingate 0-0: Ground out 5-3 (Groundball, 56S, EV 86.2 MPH)
Batting: RHB Walter Muller 0-0: Ball
1-0: Ball
2-0: Fly out, F8 (Flyball, 8LD, EV 86.2 MPH)
Batting: LHB Marc Kreischer 0-0: Ball
1-0: Ball
2-0: Called Strike
2-1: Swinging Strike
2-2: Fly out, F8 (Flyball, 78S, EV 85.6 MPH)
Top of the 1st over - 0 runs, 0 hits, 0 errors, 0 left on base; Trenton 0 - Annapolis 0
BOTTOM OF THE 1ST
Annapolis Admirals batting - Pitching for Trenton Liberty : LHP Saxby Murray
Pitching: LHP Saxby Murray
Batting: RHB Trey Densmore 0-0: Swinging Strike
0-1: Ball
1-1: Foul Ball, location: 2F
1-2: Ball
2-2: Strikes out looking
Batting: RHB Sonny Zidane 0-0: Ball
1-0: Ball
2-0: Ball
3-0: Called Strike
3-1: Called Strike
3-2: SINGLE (Line Drive, 9S, EV 110.0 MPH)
Batting: SHB Ulisses Schnopp 0-0: Ball
1-0: Ball
2-0: Called Strike
2-1: Called Strike
Sonny Zidane steals 2nd, throwing error, E2
Sonny Zidane to third
2-2: Strikes out swinging
Batting: RHB Mason Severance 0-0: Fly out, F8 (Line Drive, 8LS, EV 86.9 MPH)
Bottom of the 1st over - 0 runs, 1 hit, 1 error, 1 left on base; Trenton 0 - Annapolis 0
TOP OF THE 2ND
Trenton Liberty batting - Pitching for Annapolis Admirals : RHP Tommy Wilson
Batting: SHB Wes Johnson 0-0: Ball
1-0: Called Strike
1-1: Ball
2-1: Foul Ball, location: 2F
2-2: Ball
3-2: Strikes out looking
Batting: RHB Willy Ellison 0-0: Ball
1-0: Fly out, F9 (Flyball, 9, EV 83.8 MPH)
Batting: LHB Rob Weeks 0-0: Ball
1-0: Ground out 2-3 (Groundball, 2L, EV 67.5 MPH)
Top of the 2nd over - 0 runs, 0 hits, 0 errors, 0 left on base; Trenton 0 - Annapolis 0
BOTTOM OF THE 2ND
Annapolis Admirals batting - Pitching for Trenton Liberty : LHP Saxby Murray
Batting: RHB Neil Shoemaker 0-0: Fly out, F8 (Line Drive, 8LM, EV 100.6 MPH)
Batting: RHB Freddy Mikulski 0-0: Ball
1-0: Ball
2-0: Foul Ball, location: 2F
2-1: Foul Ball, location: 2F
2-2: Ball
3-2: Fly out, F8 (Flyball, 89M, EV 88.1 MPH)
Batting: RHB Antonio Boyle 0-0: Ball
1-0: Ball
2-0: Called Strike
2-1: Foul Ball, location: 2F
2-2: Ball
3-2: Foul Ball, location: 2F
3-2: Base on Balls
Batting: RHB Owen Orth 0-0: Ball
1-0: Foul Ball, location: 2F
1-1: Fly out, F8 (Flyball, 8LXD, EV 81.9 MPH)
Bottom of the 2nd over - 0 runs, 0 hits, 0 errors, 1 left on base; Trenton 0 - Annapolis 0
TOP OF THE 3RD
Trenton Liberty batting - Pitching for Annapolis Admirals : RHP Tommy Wilson
Batting: RHB Jaden Goodridge 0-0: Called Strike
0-1: Foul Ball, location: 2F
0-2: Ball
1-2: Ball
2-2: Ball
3-2: Foul Ball, location: 2F
3-2: Foul Ball, location: 2F
3-2: Foul Ball, location: 2F
3-2: SINGLE (Groundball, 25, EV 65.0 MPH) (infield hit)
Batting: RHB Brooks Neuman 0-0: Ball
1-0: Foul Ball, location: 2F
1-1: Called Strike
1-2: Foul Ball, location: 2F
1-2: Foul Ball, location: 2F
1-2: Ball
2-2: Ball
3-2: Fielders Choice at 2nd, 5-4 (Groundball, 5, EV 92.5 MPH)
Batting: LHB Robert Kishi 0-0: Called Strike
0-1: Called Strike
0-2: SINGLE (Groundball, 25, EV 71.2 MPH) (infield hit)
Brooks Neuman to second
Batting: RHB Wellington Wingate 0-0: Called Strike
0-1: Foul Ball, location: 2F
0-2: Foul Ball, location: 2F
0-2: Fly out, F9 (Flyball, 9, EV 86.9 MPH)
Batting: RHB Walter Muller 0-0: Ground out 5-3 (Groundball, 5S, EV 75.0 MPH)
Top of the 3rd over - 0 runs, 2 hits, 0 errors, 2 left on base; Trenton 0 - Annapolis 0
BOTTOM OF THE 3RD
Annapolis Admirals batting - Pitching for Trenton Liberty : LHP Saxby Murray
Batting: LHB Charlie Estes 0-0: SINGLE (Groundball, 34D, EV 94.4 MPH)
Batting: RHB Trey Densmore 0-0: DOUBLE (Line Drive, 7LM, EV 109.4 MPH)
Charlie Estes to third
Runner from 3rd tries for Home, SAFE, throw by LF to home
Batting: RHB Sonny Zidane 0-0: Ball
1-0: Foul Ball, location: 2F
1-1: Ball
2-1: SINGLE (Line Drive, 8LS, EV 93.8 MPH)
Trey Densmore to third
Batting: SHB Ulisses Schnopp 0-0: Ball
1-0: Called Strike
1-1: Foul Ball, location: 2F
1-2: Foul Ball, location: 2F
1-2: Strikes out swinging
Batting: RHB Mason Severance 0-0: Foul Ball, location: 2F
0-1: Called Strike
0-2: Ball
1-2: Ball
2-2: Foul Ball, location: 2F
2-2: Foul Ball, location: 2F
2-2: Strikes out swinging
Batting: RHB Neil Shoemaker 0-0: Ball
1-0: Called Strike
1-1: Called Strike
1-2: Foul Ball, location: 2F
1-2: Fly out, F8 (Flyball, 8RXD, EV 81.9 MPH)
Bottom of the 3rd over - 1 run, 3 hits, 0 errors, 2 left on base; Trenton 0 - Annapolis 1
TOP OF THE 4TH
Trenton Liberty batting - Pitching for Annapolis Admirals : RHP Tommy Wilson
Batting: LHB Marc Kreischer 0-0: Foul Ball, location: 2F
0-1: Ball
1-1: Swinging Strike
1-2: Ground out 1-3 (Groundball, 15S, EV 66.9 MPH)
Batting: SHB Wes Johnson 0-0: Ball
1-0: Foul Ball, location: 2F
1-1: Called Strike
1-2: Foul Ball, location: 2F
1-2: Ball
2-2: Ground out 6-3 (Groundball, 6M, EV 83.8 MPH)
Batting: RHB Willy Ellison 0-0: Ball
1-0: Foul Ball, location: 2F
1-1: Swinging Strike
1-2: Ground out 4-3 (Groundball, 4MS, EV 89.4 MPH)
Top of the 4th over - 0 runs, 0 hits, 0 errors, 0 left on base; Trenton 0 - Annapolis 1
BOTTOM OF THE 4TH
Annapolis Admirals batting - Pitching for Trenton Liberty : LHP Saxby Murray
Batting: RHB Freddy Mikulski 0-0: Called Strike
0-1: Ball
1-1: Ball
2-1: Foul Ball, location: 2F
2-2: Ground out 4-3 (Groundball, 4, EV 80.6 MPH)
Batting: RHB Antonio Boyle 0-0: Ball
1-0: Ball
2-0: Called Strike
2-1: Ball
3-1: Base on Balls
Batting: RHB Owen Orth 0-0: Ball
1-0: Foul Ball, location: 2F
1-1: Foul Ball, location: 2F
1-2: Ball
2-2: Foul Ball, location: 2F
2-2: Fly out, F7 (Flyball, 78S, EV 84.4 MPH)
Batting: LHB Charlie Estes 0-0: Called Strike
0-1: Swinging Strike
0-2: Foul Ball, location: 2F
0-2: Foul Ball, location: 2F
0-2: Foul Ball, location: 2F
0-2: Strikes out looking
Bottom of the 4th over - 0 runs, 0 hits, 0 errors, 1 left on base; Trenton 0 - Annapolis 1
TOP OF THE 5TH
Trenton Liberty batting - Pitching for Annapolis Admirals : RHP Tommy Wilson
Batting: LHB Rob Weeks 0-0: Called Strike
0-1: Swinging Strike
0-2: Ball
1-2: Ball
2-2: Ground out 4-3 (Groundball, 4M, EV 99.4 MPH)
Batting: RHB Jaden Goodridge 0-0: Ball
1-0: Called Strike
1-1: Ball
2-1: Called Strike
2-2: Ball
3-2: Fly out, F7 (Flyball, 7LSF, EV 83.1 MPH)
Batting: RHB Brooks Neuman 0-0: Foul Ball, location: 2F
0-1: Ball
1-1: Called Strike
1-2: Ball
2-2: Ball
3-2: Strikes out swinging
Top of the 5th over - 0 runs, 0 hits, 0 errors, 0 left on base; Trenton 0 - Annapolis 1
BOTTOM OF THE 5TH
Annapolis Admirals batting - Pitching for Trenton Liberty : LHP Saxby Murray
Batting: RHB Trey Densmore 0-0: Ball
1-0: SOLO HOME RUN (Flyball, 78XD, EV 111.2 MPH), Distance : 430 ft
Batting: RHB Sonny Zidane 0-0: Foul Ball, location: 2F
0-1: Foul Ball, location: 2F
0-2: Ball
1-2: Foul Ball, location: 2F
1-2: Ball
2-2: Foul Ball, location: 2F
2-2: Ball
3-2: DOUBLE (Line Drive, 89D, EV 113.1 MPH)
Batting: SHB Ulisses Schnopp 0-0: Called Strike
0-1: Foul Ball, location: 2F
0-2: Ball
1-2: Ball
2-2: Ball
3-2: Fly out, F8 (Flyball, 8RD, EV 90.6 MPH)
Batting: RHB Mason Severance 0-0: Ball
1-0: SINGLE (Groundball, 13S, EV 66.9 MPH) (infield hit)
Sonny Zidane to third
Batting: RHB Neil Shoemaker 0-0: Ball
1-0: Called Strike
1-1: Ball
2-1: SINGLE (Groundball, 56D, EV 95.0 MPH)
Sonny Zidane scores
Mason Severance to second
Batting: RHB Freddy Mikulski 0-0: Called Strike
0-1: Called Strike
0-2: Ball
1-2: Grounds into double play, 6-4-3 (Groundball, 6, EV 80.6 MPH)
Bottom of the 5th over - 2 runs, 4 hits, 0 errors, 1 left on base; Trenton 0 - Annapolis 3
TOP OF THE 6TH
Trenton Liberty batting - Pitching for Annapolis Admirals : RHP Tommy Wilson
Batting: LHB Robert Kishi 0-0: Ball
1-0: SINGLE (Groundball, 56D, EV 106.9 MPH)
Batting: RHB Wellington Wingate 0-0: Foul Ball, location: 2F
0-1: Ball
1-1: Grounds into double play, 4-6-3 (Groundball, 4, EV 83.1 MPH)
Batting: RHB Walter Muller 0-0: Ball
1-0: Called Strike
1-1: Foul Ball, location: 2F
1-2: Strikes out swinging
Top of the 6th over - 0 runs, 1 hit, 0 errors, 0 left on base; Trenton 0 - Annapolis 3
BOTTOM OF THE 6TH
Annapolis Admirals batting - Pitching for Trenton Liberty : LHP Saxby Murray
Pitching: RHP Devin Perlin
Batting: RHB Antonio Boyle 0-0: Swinging Strike
0-1: Foul Ball, location: 2F
0-2: Ball
1-2: Foul Ball, location: 2F
1-2: Ground out U3 (Groundball, 3S, EV 84.4 MPH)
Batting: RHB Owen Orth 0-0: Ball
1-0: Foul Ball, location: 2F
1-1: Swinging Strike
1-2: Strikes out swinging
Batting: LHB Charlie Estes 0-0: Ball
1-0: Called Strike
1-1: Ball
2-1: Ground out 1-3 (Groundball, 13S, EV 65.6 MPH)
Bottom of the 6th over - 0 runs, 0 hits, 0 errors, 0 left on base; Trenton 0 - Annapolis 3
TOP OF THE 7TH
Trenton Liberty batting - Pitching for Annapolis Admirals : RHP Tommy Wilson
Batting: LHB Marc Kreischer 0-0: Ball
1-0: Swinging Strike
1-1: Fly out, F8 (Flyball, 8RM, EV 86.9 MPH)
Batting: SHB Wes Johnson 0-0: Called Strike
0-1: Swinging Strike
0-2: Strikes out swinging
Batting: RHB Willy Ellison 0-0: Called Strike
0-1: Foul Ball, location: 2F
0-2: Ball
1-2: Foul Ball, location: 2F
1-2: Ball
2-2: Ball
3-2: DOUBLE (Line Drive, 89M, EV 110.0 MPH)
Batting: LHB Rob Weeks 0-0: Hit by Pitch
Batting: RHB Jaden Goodridge 0-0: Called Strike
0-1: Swinging Strike
0-2: Strikes out swinging
Top of the 7th over - 0 runs, 1 hit, 0 errors, 2 left on base; Trenton 0 - Annapolis 3
BOTTOM OF THE 7TH
Annapolis Admirals batting - Pitching for Trenton Liberty : RHP Devin Perlin
Batting: RHB Trey Densmore 0-0: Called Strike
0-1: Ball
1-1: Called Strike
1-2: Ball
2-2: Strikes out looking
Batting: RHB Sonny Zidane 0-0: Ball
1-0: Swinging Strike
1-1: Called Strike
1-2: Ball
2-2: Foul Ball, location: 2F
2-2: Ball
3-2: SOLO HOME RUN (Flyball, 78XD, EV 107.5 MPH), Distance : 429 ft
Batting: SHB Ulisses Schnopp 0-0: Called Strike
0-1: Foul Ball, location: 2F
0-2: Foul Ball, location: 2F
0-2: Ball
1-2: SINGLE (Flyball, 56D, EV 85.6 MPH)
Batting: RHB Mason Severance 0-0: Ball
1-0: Ball
2-0: Grounds into double play, 6-4-3 (Groundball, 6S, EV 90.0 MPH)
Bottom of the 7th over - 1 run, 2 hits, 0 errors, 0 left on base; Trenton 0 - Annapolis 4
TOP OF THE 8TH
Trenton Liberty batting - Pitching for Annapolis Admirals : RHP Tommy Wilson
Batting: RHB Brooks Neuman 0-0: Fly out, F6 (Popup, 56, EV 68.8 MPH)
Batting: LHB Robert Kishi 0-0: Ground out 6-3 (Groundball, 6, EV 108.8 MPH)
Batting: RHB Wellington Wingate 0-0: Ball
1-0: Swinging Strike
1-1: Fly out, F8 (Flyball, 89M, EV 91.9 MPH)
Top of the 8th over - 0 runs, 0 hits, 0 errors, 0 left on base; Trenton 0 - Annapolis 4
BOTTOM OF THE 8TH
Annapolis Admirals batting - Pitching for Trenton Liberty : RHP Devin Perlin
Batting: RHB Neil Shoemaker 0-0: Called Strike
0-1: Foul Ball, location: 2F
0-2: Ball
1-2: Foul Ball, location: 2F
1-2: Strikes out swinging, 2-3 out at first.
Batting: RHB Freddy Mikulski 0-0: Ball
1-0: Foul Ball, location: 2F
1-1: Fly out, F8 (Flyball, 8RM, EV 82.5 MPH)
Batting: RHB Antonio Boyle 0-0: Ball
1-0: Ball
2-0: Ball
3-0: Base on Balls
Pitching: RHP Grant Hammond
Batting: RHB Owen Orth 0-0: Ball
1-0: Foul Ball, location: 2F
1-1: Called Strike
1-2: Fly out, F8 (Line Drive, 89D, EV 90.6 MPH)
Bottom of the 8th over - 0 runs, 0 hits, 0 errors, 1 left on base; Trenton 0 - Annapolis 4
TOP OF THE 9TH
Trenton Liberty batting - Pitching for Annapolis Admirals : RHP Tommy Wilson
Batting: RHB Walter Muller 0-0: Called Strike
0-1: Ball
1-1: Ball
2-1: Ball
3-1: Called Strike
3-2: Foul Ball, location: 2F
3-2: Strikes out swinging
Batting: LHB Marc Kreischer 0-0: Ball
1-0: Called Strike
1-1: Ball
2-1: Ball
3-1: Swinging Strike
3-2: Base on Balls
Pitching: RHP Curtis Huntsinger
Batting: SHB Wes Johnson 0-0: Called Strike
0-1: Ball
1-1: Called Strike
1-2: Ball
2-2: Ball
3-2: 2-RUN HOME RUN (Flyball, 7D, EV 96.2 MPH), Distance : 365 ft
Pitching: LHP Manny Besant
Batting: RHB Willy Ellison 0-0: Ball
1-0: Foul Ball, location: 2F
1-1: SINGLE (Line Drive, 8RS, EV 104.4 MPH)
Batting: LHB Rob Weeks 0-0: Ball
1-0: Called Strike
1-1: Called Strike
1-2: Ball
2-2: Strikes out looking
Batting: RHB Jaden Goodridge 0-0: Ball
1-0: Called Strike
1-1: Swinging Strike
1-2: Foul Ball, location: 2F
1-2: Ball
2-2: 2-RUN HOME RUN (Flyball, 89XD, EV 100.0 MPH), Distance : 426 ft
Batting: RHB Brooks Neuman 0-0: Called Strike
0-1: Fly out, F5 (Flyball, 5D, EV 88.1 MPH)
Top of the 9th over - 4 runs, 3 hits, 0 errors, 0 left on base; Trenton 4 - Annapolis 4
BOTTOM OF THE 9TH
Annapolis Admirals batting - Pitching for Trenton Liberty : RHP Grant Hammond
Batting: LHB Charlie Estes 0-0: Called Strike
0-1: Swinging Strike
0-2: Ball
1-2: Ground out 6-3 (Groundball, 6, EV 92.5 MPH)
Batting: RHB Trey Densmore 0-0: Ball
1-0: Ball
2-0: Called Strike
2-1: Foul Ball, location: 2F
2-2: Foul Ball, location: 2F
2-2: Strikes out swinging
Batting: RHB Sonny Zidane 0-0: Ball
1-0: Called Strike
1-1: Ball
2-1: Ball
3-1: Base on Balls
Batting: SHB Ulisses Schnopp 0-0: Ball
1-0: Called Strike
1-1: Called Strike
1-2: Strikes out swinging
Bottom of the 9th over - 0 runs, 0 hits, 0 errors, 1 left on base; Trenton 4 - Annapolis 4
TOP OF THE 10TH
Trenton Liberty batting - Pitching for Annapolis Admirals : LHP Manny Besant
Pitching: LHP Kyle Heldt
Batting: LHB Robert Kishi 0-0: Called Strike
0-1: Called Strike
0-2: Strikes out swinging
Batting: RHB Wellington Wingate 0-0: Foul Ball, location: 2F
0-1: Ball
1-1: Called Strike
1-2: SINGLE (Line Drive, 6D, EV 95.6 MPH)
Batting: RHB Walter Muller 0-0: Called Strike
Wellington Wingate steals 2nd base (no throw)
0-1: Ball
1-1: Intentional Walk
Batting: LHB Marc Kreischer 0-0: Ball
1-0: Foul Ball, location: 2F
1-1: Called Strike
1-2: Foul Ball, location: 2F
1-2: Ball
2-2: DOUBLE (Groundball, 5L, EV 103.1 MPH)
Wellington Wingate scores
Walter Muller to third
Batting: SHB Wes Johnson 0-0: Foul Ball, location: 2F
0-1: Ground out 6-3 (Groundball, 6, EV 84.4 MPH)
Batting: RHB Willy Ellison 0-0: Called Strike
0-1: Foul Ball, location: 2F
0-2: Strikes out swinging
Top of the 10th over - 1 run, 2 hits, 0 errors, 2 left on base; Trenton 5 - Annapolis 4
BOTTOM OF THE 10TH
Annapolis Admirals batting - Pitching for Trenton Liberty : RHP Grant Hammond
Pitching: RHP Guy Hunnicutt
Batting: RHB Mason Severance 0-0: Called Strike
0-1: Foul Ball, location: 2F
0-2: Foul Ball, location: 2F
0-2: Ball
1-2: Strikes out swinging
Batting: RHB Neil Shoemaker 0-0: Called Strike
0-1: Ball
1-1: Foul Ball, location: 2F
1-2: Strikes out swinging
Batting: RHB Freddy Mikulski 0-0: Ball
1-0: Swinging Strike
1-1: Ball
2-1: Ball
3-1: Foul Ball, location: 2F
3-2: Fly out, F8 (Flyball, 89D, EV 101.2 MPH)
Bottom of the 10th over - 0 runs, 0 hits, 0 errors, 0 left on base; Trenton 5 - Annapolis 4
Friday, March 15th , 2024 - OOTP Baseball 23.10 Build 110